AoeStats
← ShogunPilo

Lombardia

508793578Analyzed
2v2 RM · 7d ago on Sep 24, 2026· 57m 42s· 4 players
Game mode
Random Map
Map size
Medium (4 player)
Population
200
Speed
Normal
Resources
Standard
Victory
Conquest
Starting age
Dark Age
Ending age
Imperial Age
RankedLock teamsTeams togetherTeam positionsShared explorationLock speedFull tech treeHidden civsTurbo modeCheats
Victory
Defeat
🇲🇽 Vikings · Mexico
1097
+12
🇲🇽 Saxons · Mexico
976
+16
🇨🇴 Cumans · Colombia
1002
-14
🇦🇷 Danes · Argentina
990
-14
ShogunPilo
7:29 Loom
10:40 Feudal Age
17:37 Castle Age
15:39 Double-Bit Axe
15:38 Horse Collar
16:42 Fletching
20:58 Forging
24:32 Gambesons
24:33 Arson
26:59 Iron Casting
28:32 Scale Mail Armor
29:36 Chain Mail Armor
31:34 Fervor
31:36 Redemption
38:11 Bow Saw
45:41 Imperial Age
44:00 Sanctity
46:12 Bodkin Arrow
46:45 Cranequins
47:13 Town Watch
49:33 Ballistics
51:26 Conscription
rachingenieria.x
7:35 Loom
9:47 Feudal Age
10:19 Double-Bit Axe
13:47 Wheelbarrow
12:54 Horse Collar
21:22 Castle Age
20:34 Scale Barding Armor
21:07 Bloodlines
21:47 Forging
22:56 Gold Mining
24:01 Bow Saw
25:41 Heavy Plow
25:35 Stone Mining
25:53 Man-at-Arms
27:53 Chain Barding Armor
28:55 Fletching
31:47 Long Swordsman
33:00 Squires
34:07 Scale Mail Armor
35:56 Iron Casting
35:37 Chain Mail Armor
40:52 Imperial Age
38:38 Hand Cart
41:10 Arson
42:17 Plate Barding Armor
41:04 Cavalier
43:23 Two-Man Saw
43:48 Blast Furnace
42:19 Two-Handed Swordsman
44:39 Bodkin Arrow
46:09 Paladin
47:21 Champion
48:36 Plate Mail Armor
50:16 Light Cavalry
53:44 Hussar
57:04 Hussar
El viejo7335
2:53 Loom
10:33 Feudal Age
14:46 Horse Collar
19:43 Castle Age
19:24 Arson
19:42 Scale Mail Armor
20:26 Squires
20:13 Gambesons
21:36 Heavy Plow
27:34 Pikeman
30:38 Padded Archer Armor
31:09 Double-Bit Axe
32:42 Bow Saw
39:00 Imperial Age
38:11 Chain Mail Armor
38:07 Forging
39:12 Clerical Recruitment
41:07 Crop Rotation
42:10 Two-Man Saw
41:04 Town Watch
41:58 Wheelbarrow
41:28 Halberdier
42:18 Elite Varangian Guard
43:40 Hand Cart
43:07 Capped Ram
45:26 Plate Mail Armor
45:32 Iron Casting
45:13 Leather Archer Armor
45:55 Town Patrol
46:05 Scale Barding Armor
45:37 Shield Wall
47:56 Fletching
48:30 Conscription
48:46 Hoardings
49:57 Murder Holes
49:43 Treadmill Crane
52:05 Ballistics
52:46 Chemistry
54:45 Elite Hearth Troop
56:32 Arrowslits
Dr Death Mic
8:00 Loom
10:35 Feudal Age
11:00 Horse Collar
11:07 Double-Bit Axe
18:46 Castle Age
17:08 Gold Mining
17:56 Scale Mail Armor
18:37 Forging
18:22 Town Watch
19:37 Scale Barding Armor
25:00 Heavy Plow
25:33 Bow Saw
26:17 Squires
28:01 Iron Casting
30:11 Stone Mining
32:17 Arson
33:55 Gold Shaft Mining
34:12 Chain Mail Armor
34:55 Fletching
38:29 Imperial Age
36:17 Chieftains
38:08 Bodkin Arrow
41:07 Blast Furnace
41:52 Plate Mail Armor
42:03 Conscription
41:24 Elite Varangian Guard
42:50 Crop Rotation
45:01 Bracer
45:02 Padded Archer Armor
44:32 Elite Berserk
46:38 Leather Archer Armor
46:42 Crossbowman
47:54 Ring Archer Armor
48:34 Two-Man Saw
48:57 Chain Barding Armor
48:02 Arbalester
52:44 Chemistry
52:05 Ballistics
51:51 Town Patrol
56:36 Murder Holes
56:52 Masonry
56:47 Siege Engineers
Connection lost

Rejoining the realm…

Still unreachable

The connection could not be restored.

Session expired

The server has moved on; the page needs a fresh start.